 Dungeon Crawl Stone Soup version 0.28.0-53-g5a82cb258f (webtiles) character file.

Game seed: 17760522338811515123

3644 Sin92 the Slasher (level 9, -3/69 HPs)
             Began as a Demonspawn Fighter on June 7, 2022.
             Was a Priest of Okawaru.
             Slain by an orc warrior
             ... wielding a +0 halberd
              (17 damage)
             ... on level 8 of the Dungeon.
             The game lasted 00:10:23 (10401 turns).

Sin92 the Slasher (Demonspawn Fighter)             Turns: 10401, Time: 00:10:24

Health: -3/69      AC: 13    Str: 18    XL:     9   Next: 88%
Magic:  12/12      EV:  8    Int:  9    God:    Okawaru [***...]
Gold:   331        SH: 10    Dex: 16    Spells: 8/8 levels left

rFire   . . .      SeeInvis .   a - +3 long sword
rCold   . . .      Faith    .   l - +0 kite shield
rNeg    . . .      Spirit   .   q - +0 chain mail
rPois   .          Reflect  .   v - +0 helmet
rElec   .          Harm     .   h - scarf {shadows}
rCorr   .          Rampage  .   (no gloves)
Will    .....                   (no boots)
Stlth   ..........              f - amulet of the acrobat
HPRegen 0.21/turn               (no ring)
MPRegen 0.13/turn               (no ring)

@: no status effects
A: slimy green scales 1, foul stench 2, demonic magic 2, demonic touch 1
a: Renounce Religion, Heroism


You were on level 8 of the Dungeon.
You worshipped Okawaru.
Okawaru was most pleased with you.
You visited 2 branches of the dungeon, and saw 9 of its levels.

You collected 331 gold pieces.

Inventory:

Hand Weapons
 a - a +3 long sword (weapon)
Missiles
 n - 2 throwing nets (quivered)
Armour
 b - a +0 scale mail
 h - a scarf of shadows (worn)
 l - a +0 kite shield (worn)
 q - a +0 chain mail (worn)
 v - a +0 helmet (worn)
Jewellery
 f - an amulet of the acrobat (around neck)
 r - a ring of protection from fire
Wands
 g - a wand of acid (12)
 m - a wand of flame (24)
Scrolls
 d - a scroll of magic mapping
 e - a scroll of blinking
 j - a scroll of enchant weapon
 k - a scroll of amnesia
Potions
 c - a potion of cancellation
 i - 2 potions of haste
 o - 3 potions of curing
 p - 2 potions of flight
 s - 5 potions of attraction
 u - 3 potions of degeneration


   Skills:
 + Level 6.2 Fighting
 * Level 7.5 Long Blades
 + Level 5.7 Armour
 + Level 4.9 Dodging
 + Level 0.5 Stealth
 + Level 5.7 Shields
 + Level 4.4 Invocations


You had 8 spell levels left.
You didn't know any spells.
Your spell library contained the following spells:

 Spells                   Type           Power      Damage    Failure   Level
 Sting                    Tmut/Pois      0%         1d3       100%        1
 Blink                    Tloc           0%         N/A       100%        2
 Poisonous Vapours        Pois/Air       0%         N/A       100%        2
 Lesser Beckoning         Tloc           0%         N/A       100%        3
 Olgreb's Toxic Radiance  Pois           0%         N/A       100%        4
 Fireball                 Conj/Fire      0%         3d3       100%        5
 Iskenderun's Battlesphe  Conj           0%         2d6       100%        5
 Manifold Assault         Tloc           0%         N/A       100%        5
 Conjure Ball Lightning   Conj/Air       0%         3x3d6     100%        6
 Orb of Destruction       Conj           0%         9d5       100%        7


Dungeon Overview and Level Annotations

Branches:
Dungeon (8/15)             Temple (1/1) D:5
   Lair: D:8-11

Altars:
Ashenzari
Cheibriados
Dithmenos
Elyvilon
Fedhas
Gozag
Hepliaklqana
Kikubaaqudgha
Makhleb
Nemelex Xobeh
Okawaru
Qazlal
Ru
Sif Muna
Trog
Uskayaw
Vehumet
Wu Jian
Xom
Yredelemnul
Zin
The Shining One


Innate Abilities, Weirdness & Mutations

You are partially covered in slimy green scales. (AC +2)
You sometimes emit foul miasma when damaged in melee.
Spells you cast may paralyse nearby enemies.
Your touch may inflict minor irresistible damage on your foes.


Message History

Unknown command.
There are monsters nearby!
You are too injured to fight recklessly!
Unknown command.
There are monsters nearby!
You are too injured to fight recklessly!
You are too injured to fight recklessly!
Unknown command.
There are monsters nearby!
You block the orc's attack. You block the orc's attack.
The orc completely misses you.
Okay, then.
There are monsters nearby!
As you read the scroll of enchant weapon, it crumbles to dust.
Your +1 long sword glows red for a moment.
As you read the scroll of enchant weapon, it crumbles to dust.
Your +2 long sword glows red for a moment.
You block the orc warrior's attack.
The orc warrior hits you with a +0 trident.
You hit the orc warrior.
The orc warrior is lightly wounded.
You block the orc warrior's attack.
You hit the orc warrior but do no damage.
The orc warrior is lightly wounded.
You block the orc warrior's attack.
You barely miss the orc warrior.
The orc warrior is lightly wounded.
The orc warrior closely misses you.
You hit the orc warrior but do no damage.
The orc warrior is lightly wounded.
The orc warrior hits you from afar with a +0 halberd.
You block the orc warrior's attack.
You hit the orc warrior.
The orc warrior is moderately wounded.
The orc warrior hits you from afar with a +0 halberd!
* * * LOW HITPOINT WARNING * * *
You block the orc warrior's attack.
The orc warrior hits you from afar with a +0 halberd!
You die...

.......##...###########
##..# .############
#.).# ###.).# ###.))..#
#......## ##....###
##....##
#########....##
#...@oooo....#
#..####o.....# #.#
##.....# #.. ##o...# #.
#....# #. #....# #
##..)# #.))# #...#


You could see 2 orc warriors and 3 orcs.

Vanquished Creatures
  Harold (D:7)
  Grinder (D:3)
  A wyvern (D:7)
  Menkaure (D:7)
  A water moccasin (D:6)
  A hornet zombie (D:6)
  2 ice beasts (D:6)
  An orc warrior (D:7)
  2 black bears
  A necrophage (D:4)
  3 ogres
  4 phantoms (D:6)
  A kobold brigand (D:8)
  A gnoll sergeant (D:6)
  A wyvern zombie (D:6)
  A scorpion (D:7)
  2 water moccasin skeletons (D:4)
  4 centaur zombies
  2 hounds
  A jelly (D:6)
  5 orc priests
  A bullfrog skeleton (D:5)
  A centaur skeleton (D:6)
  2 gnoll shamans
  2 iguanas
  3 orc wizards
  Robin (D:3)
  16 gnolls
  4 adders
  2 shadow imps (D:7)
  2 white imps
  A worm (D:3)
  4 dart slugs
  13 orcs
  7 bats
  8 endoplasms
  5 giant cockroaches
  13 goblins
  13 hobgoblins
  6 quokkas
  6 ball pythons
  3 frilled lizards
  14 kobolds
  9 rats
173 creatures vanquished.

Notes
Turn   | Place    | Note
-------+----------+-------------------------------------------
     0 | D:1      | Sin92 the Demonspawn Fighter began the quest for the Orb.
     0 | D:1      | Reached XP level 1. HP: 18/18 MP: 1/1
   143 | D:1      | Reached skill level 2 in Long Blades
   155 | D:1      | Gained mutation: Spells you cast may paralyse adjacent
                  | enemies. [demonic ancestry]
   155 | D:1      | Reached XP level 2. HP: 6/24 MP: 2/2
   763 | D:1      | Gained mutation: You may rarely emit foul miasma when
                  | damaged in melee. [demonic ancestry]
   763 | D:1      | Reached XP level 3. HP: 28/29 MP: 3/3
  1339 | D:2      | Reached skill level 1 in Dodging
  1770 | D:3      | Reached XP level 4. HP: 32/35 MP: 4/4
  1908 | D:3      | Noticed Grinder
  1935 | D:3      | Killed Grinder
  1936 | D:3      | Reached skill level 3 in Long Blades
  1936 | D:3      | Gained mutation: You sometimes emit foul miasma when
                  | damaged in melee. [demonic ancestry]
  1936 | D:3      | Reached XP level 5. HP: 5/42 MP: 5/5
  1936 | D:3      | Reached XP level 6. HP: 6/48 MP: 6/6
  2792 | D:3      | Noticed Robin
  2807 | D:3      | Reached skill level 4 in Long Blades
  2835 | D:3      | Killed Robin
  3630 | D:4      | Gained mutation: You are partially covered in slimy green
                  | scales. (AC +2) [demonic ancestry]
  3630 | D:4      | Reached XP level 7. HP: 39/54 MP: 7/7
  4743 | D:5      | Entered Level 5 of the Dungeon
  4781 | D:5      | Found a shadowy altar of Dithmenos.
  4970 | D:5      | Found a staircase to the Ecumenical Temple.
  5044 | Temple   | Entered the Ecumenical Temple
  5229 | Temple   | Became a worshipper of Warmaster Okawaru
  5293 | D:5      | Found an opulent altar of Gozag.
  5297 | D:5      | Found a shimmering blue altar of Sif Muna.
  5298 | D:5      | Found a blossoming altar of Fedhas.
  5361 | D:5      | Reached skill level 5 in Long Blades
  5729 | D:5      | Gained mutation: Your touch may inflict minor irresistible
                  | damage on your foes. [demonic ancestry]
  5729 | D:5      | Reached XP level 8. HP: 32/61 MP: 8/8
  6283 | D:6      | Reached skill level 5 in Fighting
  6300 | D:6      | Reached * piety under Okawaru
  6622 | D:6      | Reached skill level 1 in Invocations
  6638 | D:6      | Reached skill level 6 in Long Blades
  7466 | D:6      | Reached skill level 5 in Armour
  7502 | D:6      | Reached ** piety under Okawaru
  7795 | D:6      | Gained mutation: Spells you cast may paralyse nearby
                  | enemies. [demonic ancestry]
  7795 | D:6      | Reached XP level 9. HP: 61/68 MP: 10/10
  7801 | D:6      | Reached skill level 5 in Shields
  8354 | D:7      | Noticed Menkaure
  8361 | D:7      | Killed Menkaure
  8986 | D:7      | Noticed Harold
  9000 | D:7      | Killed Harold
  9000 | D:7      | Reached *** piety under Okawaru
  9001 | D:7      | Reached skill level 7 in Long Blades
 10401 | D:8      | Slain by an orc warrior

Illustrated notes

Levels and vault maps discovered:
D:1:      wander_arrival_chamber, layout_basic, serial_bayou,
          serial_bayou_crossing, serial_bayou_shore_a, serial_bayou_lagoon_b,
          serial_bayou_shore_b, serial_bayou_pond_e, minmay_crystal_room,
          minmay_vboxes
D:2:      layout_basic
D:3:      layout_basic, uniq_robin, uniq_grinder
D:4:      layout_basic
D:5:      layout_basic, mainiacjoe_overflow_alcove_3, grunt_dithmenos_smoke,
          minmay_temple_entry_proselytizer, hangedman_decor_peaks_small
D:6:      layout_basic, wad_floor_pattern_untrapped
D:7:      layout_loops_cross, kennysheep_little_box, uniq_menkaure, uniq_harold
D:8:      layout_layer_cave, serial_shops, nicolae_square_shop
Temple:   eino_temple_rhombus

Skill      XL: |  1  2  3  4  5  6  7  8  9 |
---------------+----------------------------+-----
Long Blades    | 2 3 4 5 6 7 |  7.5
Armour         | 3 4 5 |  5.7
Shields        | 3 4 5 |  5.7
Dodging        | 1 2 3 4 |  4.9
Fighting       | 4 5 6 |  6.2
Invocations    | 2 4 |  4.4
Stealth        | |  0.5

Action                   |  1- 3 |  4- 6 |  7- 9 || total
-------------------------+-------+-------+-------++-------
Melee: Long sword        |   145 |   115 |   432 ||   692
  Use: Potion            |       |     2 |     7 ||     9
       Scroll            |       |    11 |     9 ||    20
Armor: Scale mail        |    92 |    54 |   155 ||   301
       Chain mail        |       |       |    36 ||    36
Dodge: Dodged            |    98 |    64 |   219 ||   381
Block: Buckler           |    54 |    19 |    87 ||   160
       Kite shield       |       |       |   111 ||   111
